ORI
UNIVERSITY OF ALABAMA CRIMSON TIDE @ LOUISIANA STATE UNIVERSITY TIGERS
11/27/2048
 
TOP OF THE 1ST
University of Minnesota Golden Gophers batting - Pitching for University of Alabama Crimson Tide : RHP Marco Soto
Pitching: RHP Marco Soto
Batting: RHB Roy Evenden 0-0: Foul Ball, location: 2F
0-1: Bunt missed!
0-2: Ball
1-2: Ball
2-2: Strikes out swinging
Batting: SHB Chris Rodgers 0-0: Called Strike
0-1: Ball
1-1: Ground out 5-3 (Groundball, 5, EV 107.5 MPH)
Batting: RHB Ozzie Buendia 0-0: Called Strike
0-1: Ball
1-1: SINGLE (Line Drive, 9S, EV 88.1 MPH)
Batting: SHB Marty Kuehn 0-0: Ball
1-0: Foul Ball, location: 2F
1-1: Foul Ball, location: 2F
1-2: Fly out, F8 (Flyball, 78XD, EV 103.1 MPH)
Top of the 1st over - 0 runs, 1 hit, 0 errors, 1 left on base; University of Minnesota 0 - University of Alabama 0
BOTTOM OF THE 1ST
University of Alabama Crimson Tide batting - Pitching for University of Minnesota Golden Gophers : RHP Nick Gonzalez
Pitching: RHP Nick Gonzalez
Batting: LHB Joe Blackwood 0-0: Foul Ball, location: 2F
0-1: Swinging Strike
0-2: Foul Ball, location: 2F
0-2: Ball
1-2: Ball
2-2: Strikes out swinging
Batting: LHB Robby Ramires 0-0: SINGLE (Line Drive, 9S, EV 93.1 MPH)
Batting: LHB Danny Schultz 0-0: Reached on error, E1 (Groundball, 13, EV 63.8 MPH)
Robby Ramires to second
Batting: RHB Gustavo Delgado 0-0: Ball
1-0: SINGLE (Flyball, 89S, EV 92.5 MPH)
Robby Ramires to third
Danny Schultz to second
Batting: LHB Matt Barkley 0-0: Foul Ball, location: 2F
0-1: Called Strike
0-2: Ball
1-2: Ball
2-2: Ball
3-2: Fly out, F7 (Flyball, 7, EV 85.6 MPH)
Runner from 3rd tags up, SCORES, throw by LF
Batting: RHB Hughie Withers 0-0: SINGLE (Flyball, 78S, EV 96.2 MPH)
Danny Schultz to third
Gustavo Delgado to second
Throwing error, E7
Danny Schultz scores
Gustavo Delgado to third
Hughie Withers to second
Batting: LHB Platon Protopsaltis 0-0: Called Strike
0-1: Swinging Strike
0-2: Strikes out looking
Bottom of the 1st over - 2 runs, 3 hits, 2 errors, 2 left on base; University of Minnesota 0 - University of Alabama 2
TOP OF THE 2ND
University of Minnesota Golden Gophers batting - Pitching for University of Alabama Crimson Tide : RHP Marco Soto
Batting: LHB Jose Moncada 0-0: Ball
1-0: Ball
2-0: Called Strike
2-1: Ball
3-1: Called Strike
3-2: Strikes out swinging
Batting: RHB Jose Garrido 0-0: Ground out 6-3 (Groundball, 6, EV 77.5 MPH)
Batting: RHB Ron Gooch 0-0: Ball
1-0: Ball
2-0: Foul Ball, location: 2F
2-1: Ball
3-1: Swinging Strike
3-2: Fly out, F8 (Flyball, 8LD, EV 107.5 MPH)
Top of the 2nd over - 0 runs, 0 hits, 0 errors, 0 left on base; University of Minnesota 0 - University of Alabama 2
BOTTOM OF THE 2ND
University of Alabama Crimson Tide batting - Pitching for University of Minnesota Golden Gophers : RHP Nick Gonzalez
Batting: RHB Fernando Reyes 0-0: Ball
1-0: Called Strike
1-1: Foul Ball, location: 2F
1-2: Foul Ball, location: 2F
1-2: Foul Ball, location: 2F
1-2: Ball
2-2: Fly out, F7 (Flyball, 7, EV 91.9 MPH)
Batting: RHB Eric Kilmer 0-0: Ball
1-0: Called Strike
1-1: Foul Ball, location: 2F
1-2: Ball
2-2: Foul Ball, location: 2F
2-2: Ball
3-2: Base on Balls
Batting: LHB Joe Blackwood 0-0: Ball
1-0: Called Strike
1-1: Ball
2-1: SINGLE (Groundball, 6S, EV 94.4 MPH)
Eric Kilmer to second
Batting: LHB Robby Ramires 0-0: Called Strike
0-1: Ball
1-1: Foul Ball, location: 2F
1-2: Foul Ball, location: 2F
1-2: Strikes out swinging
Batting: LHB Danny Schultz 0-0: Called Strike
0-1: Swinging Strike
0-2: Foul Ball, location: 2F
0-2: Ball
1-2: Fly out, F6 (Popup, 6M, EV 80.6 MPH)
Bottom of the 2nd over - 0 runs, 1 hit, 0 errors, 2 left on base; University of Minnesota 0 - University of Alabama 2
TOP OF THE 3RD
University of Minnesota Golden Gophers batting - Pitching for University of Alabama Crimson Tide : RHP Marco Soto
Batting: LHB Ivan Villegas 0-0: Ball
1-0: Ball
2-0: Ground out U3 (Groundball, 34, EV 90.0 MPH)
Batting: RHB Mike Satterfield 0-0: Called Strike
0-1: Ground out 6-3 (Groundball, 6, EV 77.5 MPH)
Batting: RHB Roy Evenden 0-0: Fly out, F8 (Flyball, 8LXD, EV 91.2 MPH)
Top of the 3rd over - 0 runs, 0 hits, 0 errors, 0 left on base; University of Minnesota 0 - University of Alabama 2
BOTTOM OF THE 3RD
University of Alabama Crimson Tide batting - Pitching for University of Minnesota Golden Gophers : RHP Nick Gonzalez
Batting: RHB Gustavo Delgado 0-0: Called Strike
0-1: Ground out 4-3 (Groundball, 4, EV 80.6 MPH)
Batting: LHB Matt Barkley 0-0: Called Strike
0-1: Foul Ball, location: 2F
0-2: Ball
1-2: Foul Ball, location: 2F
1-2: Ball
2-2: Foul Ball, location: 2F
2-2: Ball
3-2: Ground out 2-3 (Groundball, 2L, EV 66.2 MPH)
Batting: RHB Hughie Withers 0-0: SINGLE (Groundball, 4, EV 100.0 MPH)
Batting: LHB Platon Protopsaltis 0-0: Called Strike
0-1: Ball
1-1: Foul Ball, location: 2F
1-2: Ball
2-2: Foul Ball, location: 2F
2-2: Foul Ball, location: 2F
2-2: Foul Ball, location: 2F
2-2: Ball
3-2: Ground out 4-3 (Groundball, 34, EV 85.0 MPH)
Bottom of the 3rd over - 0 runs, 1 hit, 0 errors, 1 left on base; University of Minnesota 0 - University of Alabama 2
TOP OF THE 4TH
University of Minnesota Golden Gophers batting - Pitching for University of Alabama Crimson Tide : RHP Marco Soto
Batting: SHB Chris Rodgers 0-0: Called Strike
0-1: Foul Ball, location: 2F
0-2: Foul Ball, location: 2F
0-2: Ball
1-2: Ball
2-2: Ground out 4-3 (Groundball, 4, EV 86.2 MPH)
Batting: RHB Ozzie Buendia 0-0: Foul Ball, location: 2F
0-1: Called Strike
0-2: Ground out 5-3 (Groundball, 56, EV 103.1 MPH)
Batting: SHB Marty Kuehn 0-0: Foul Ball, location: 2F
0-1: Ball
1-1: Ball
2-1: Called Strike
2-2: Ground out 3-1 (Groundball, 34, EV 85.0 MPH)
Top of the 4th over - 0 runs, 0 hits, 0 errors, 0 left on base; University of Minnesota 0 - University of Alabama 2
BOTTOM OF THE 4TH
University of Alabama Crimson Tide batting - Pitching for University of Minnesota Golden Gophers : RHP Nick Gonzalez
Batting: RHB Fernando Reyes 0-0: Ball
1-0: Swinging Strike
1-1: Called Strike
1-2: Ball
2-2: Ball
3-2: Foul Ball, location: 2F
3-2: Ground out 4-3 (Groundball, 4, EV 91.2 MPH)
Pitching: RHP Dan Mondro
Batting: RHB Eric Kilmer 0-0: Ball
1-0: Foul Ball, location: 2F
1-1: Swinging Strike
1-2: Strikes out swinging
Batting: LHB Joe Blackwood 0-0: Ball
1-0: Called Strike
1-1: Called Strike
1-2: SOLO HOME RUN (Flyball, 9LD, EV 90.6 MPH), Distance : 334 ft
Batting: LHB Robby Ramires 0-0: Called Strike
0-1: Ball
1-1: Ball
2-1: Swinging Strike
2-2: Strikes out looking
Bottom of the 4th over - 1 run, 1 hit, 0 errors, 0 left on base; University of Minnesota 0 - University of Alabama 3
TOP OF THE 5TH
University of Minnesota Golden Gophers batting - Pitching for University of Alabama Crimson Tide : RHP Marco Soto
Batting: LHB Jose Moncada 0-0: Foul Ball, location: 2F
0-1: Ground out 4-3 (Groundball, 34, EV 83.8 MPH)
Batting: RHB Jose Garrido 0-0: Called Strike
0-1: Ball
1-1: Ball
2-1: Ball
3-1: Base on Balls
Batting: RHB Ron Gooch 0-0: Ball
1-0: Foul Ball, location: 2F
1-1: Fly out, F9 (Flyball, 89M, EV 88.8 MPH)
Batting: LHB Ivan Villegas 0-0: Fly out, F7 (Flyball, 78XD, EV 101.2 MPH)
Top of the 5th over - 0 runs, 0 hits, 0 errors, 1 left on base; University of Minnesota 0 - University of Alabama 3
BOTTOM OF THE 5TH
University of Alabama Crimson Tide batting - Pitching for University of Minnesota Golden Gophers : RHP Dan Mondro
Batting: LHB Danny Schultz 0-0: Called Strike
0-1: Ball
1-1: Ball
2-1: Ball
3-1: DOUBLE (Line Drive, 7LS, EV 106.9 MPH)
Batting: RHB Gustavo Delgado 0-0: Fly out, F7 (Flyball, 7, EV 93.8 MPH)
Batting: LHB Matt Barkley 0-0: Called Strike
Danny Schultz is caught stealing 3rd base 2-5
0-1: Swinging Strike
0-2: Ball
1-2: Ball
2-2: Ball
3-2: SINGLE (Groundball, 34D, EV 101.2 MPH)
Batting: RHB Hughie Withers 0-0: Ball
1-0: Ball
2-0: Foul Ball, location: 2F
2-1: Fly out, F4 (Line Drive, 34D, EV 70.6 MPH)
Bottom of the 5th over - 0 runs, 2 hits, 0 errors, 1 left on base; University of Minnesota 0 - University of Alabama 3
TOP OF THE 6TH
University of Minnesota Golden Gophers batting - Pitching for University of Alabama Crimson Tide : RHP Marco Soto
Batting: RHB Mike Satterfield 0-0: Ground out 6-3 (Groundball, 6, EV 106.2 MPH)
Batting: RHB Roy Evenden 0-0: Called Strike
0-1: Foul Ball, location: 2F
0-2: Ball
1-2: Foul Ball, location: 2F
1-2: Ball
2-2: Foul Ball, location: 2F
2-2: Foul Ball, location: 2F
2-2: Ball
3-2: SINGLE (Groundball, 56, EV 99.4 MPH)
Batting: SHB Chris Rodgers 0-0: Ball
1-0: Fielders Choice at 2nd, 1-6 (Groundball, 34S, EV 68.1 MPH)
Batting: RHB Ozzie Buendia 0-0: Ball
Chris Rodgers is caught stealing 2nd base 2-4
Top of the 6th over - 0 runs, 1 hit, 0 errors, 0 left on base; University of Minnesota 0 - University of Alabama 3
BOTTOM OF THE 6TH
University of Alabama Crimson Tide batting - Pitching for University of Minnesota Golden Gophers : RHP Dan Mondro
Batting: LHB Platon Protopsaltis 0-0: Swinging Strike
0-1: Foul Ball, location: 2F
0-2: Ball
1-2: Ground out 5-3 (Groundball, 6S, EV 65.0 MPH)
Batting: RHB Fernando Reyes 0-0: Ball
1-0: Ball
2-0: Foul Ball, location: 2F
2-1: Ground out 4-3 (Groundball, 4, EV 77.5 MPH)
Batting: RHB Eric Kilmer 0-0: Called Strike
0-1: Fly out, F9 (Flyball, 89M, EV 91.2 MPH)
Bottom of the 6th over - 0 runs, 0 hits, 0 errors, 0 left on base; University of Minnesota 0 - University of Alabama 3
TOP OF THE 7TH
University of Minnesota Golden Gophers batting - Pitching for University of Alabama Crimson Tide : RHP Marco Soto
Batting: RHB Ozzie Buendia 0-0: Ball
1-0: Ball
2-0: Fly out, F8 (Flyball, 78D, EV 96.9 MPH)
Pitching: RHP Devon Williams
Batting: SHB Marty Kuehn 0-0: Ball
1-0: Foul Ball, location: 2F
1-1: Foul Ball, location: 2F
1-2: Strikes out swinging
Batting: LHB Jose Moncada 0-0: Called Strike
0-1: Swinging Strike
0-2: Strikes out swinging
Top of the 7th over - 0 runs, 0 hits, 0 errors, 0 left on base; University of Minnesota 0 - University of Alabama 3
BOTTOM OF THE 7TH
University of Alabama Crimson Tide batting - Pitching for University of Minnesota Golden Gophers : RHP Dan Mondro
Pitching: RHP Enakai Moritiica
Batting: LHB Joe Blackwood 0-0: Ball
1-0: TRIPLE (Flyball, 89XD, EV 101.2 MPH)
Batting: LHB Robby Ramires 0-0: Ground out U3 (Groundball, 34S, EV 73.1 MPH)
Joe Blackwood scores
Batting: LHB Danny Schultz 0-0: Called Strike
0-1: Ground out U3 (Groundball, 34, EV 78.8 MPH)
Pinch Hitting: RHB Onorato Zacagnini 0-0: Called Strike
0-1: Foul Ball, location: 2F
0-2: Ball
1-2: Ball
2-2: Strikes out swinging
Bottom of the 7th over - 1 run, 1 hit, 0 errors, 0 left on base; University of Minnesota 0 - University of Alabama 4
TOP OF THE 8TH
University of Minnesota Golden Gophers batting - Pitching for University of Alabama Crimson Tide : RHP Devon Williams
Now at 1B: Onorato Zacagnini
Batting: RHB Jose Garrido 0-0: Ball
1-0: SOLO HOME RUN (Flyball, 9LD, EV 93.1 MPH), Distance : 332 ft
Batting: RHB Ron Gooch 0-0: Fly out, F4 (Line Drive, 4, EV 73.1 MPH)
Batting: LHB Ivan Villegas 0-0: Ball
1-0: Ball
2-0: Ball
3-0: Called Strike
3-1: Called Strike
3-2: Strikes out swinging
Batting: RHB Mike Satterfield 0-0: Called Strike
0-1: Foul Ball, location: 2F
0-2: Foul Ball, location: 2F
0-2: Ball
1-2: Ball
2-2: Foul Ball, location: 2F
2-2: DOUBLE (Line Drive, 89XD, EV 105.0 MPH)
Pinch Hitting: LHB Bobby Agterberg 0-0: Ball
1-0: Ground out U3 (Groundball, 34S, EV 83.1 MPH)
Top of the 8th over - 1 run, 2 hits, 0 errors, 1 left on base; University of Minnesota 1 - University of Alabama 4
BOTTOM OF THE 8TH
University of Alabama Crimson Tide batting - Pitching for University of Minnesota Golden Gophers : RHP Enakai Moritiica
Now in LF: Bobby Agterberg
Now in RF: Ivan Villegas
Batting: LHB Matt Barkley 0-0: Ball
1-0: Ball
2-0: Foul Ball, location: 2F
2-1: Foul Ball, location: 2F
2-2: Foul Ball, location: 2F
2-2: Foul Ball, location: 2F
2-2: Foul Ball, location: 2F
2-2: Strikes out looking
Batting: RHB Hughie Withers 0-0: Called Strike
0-1: Fly out, F6 (Line Drive, 6, EV 64.4 MPH)
Batting: LHB Platon Protopsaltis 0-0: Called Strike
0-1: Ball
1-1: Foul Ball, location: 2F
1-2: Ball
2-2: Ground out 4-3 (Groundball, 4, EV 89.4 MPH)
Bottom of the 8th over - 0 runs, 0 hits, 0 errors, 0 left on base; University of Minnesota 1 - University of Alabama 4
TOP OF THE 9TH
University of Minnesota Golden Gophers batting - Pitching for University of Alabama Crimson Tide : RHP Devon Williams
Pitching: RHP Dave Bellah
Batting: SHB Chris Rodgers 0-0: Called Strike
0-1: Fly out, F7 (Flyball, 7, EV 91.9 MPH)
Pinch Hitting: LHB Gabe Cothron 0-0: Called Strike
0-1: Ball
1-1: Swinging Strike
1-2: Ball
2-2: Ball
3-2: Fly out, F5 (Popup, 5F, EV 66.9 MPH)
Batting: SHB Marty Kuehn 0-0: SINGLE (Line Drive, 78M, EV 105.0 MPH)
Batting: LHB Jose Moncada 0-0: Ball
1-0: Foul Ball, location: 2F
1-1: Ball
2-1: Swinging Strike
2-2: Ball
3-2: Strikes out swinging
Top of the 9th over - 0 runs, 1 hit, 0 errors, 1 left on base; University of Minnesota 1 - University of Alabama 4
Tuesday, March 28th , 2023 - OOTP Baseball 23.10 Build 110